 Dungeon Crawl Stone Soup version 0.28.0-43-g3370ac3207 (webtiles) character file.

Game seed: 2143010271913368216

422 terff the Chopper (level 6, -5/56 HPs)
             Began as a Hill Orc Fighter on Apr 1, 2022.
             Slain by Edmund
             ... wielding a +2 dire flail of holy wrath
              (7 damage)
             ... on level 4 of the Dungeon.
             The game lasted 00:08:23 (3432 turns).

terff the Chopper (Hill Orc Fighter)                Turns: 3432, Time: 00:08:24

Health: -5/56      AC: 11    Str: 19    XL:     6   Next: 95%
Magic:  6/6        EV:  9    Int:  8    God:
Gold:   155        SH:  5    Dex: 12    Spells: 5/5 levels left

rFire   + + .      SeeInvis .   a - +0 war axe
rCold   + . .      Faith    .   c - +0 buckler
rNeg    . . .      Spirit   .   b - +0 scale mail
rPois   .          Reflect  .   f - +2 helmet
rElec   .          Harm     .   j - scarf {rC+ rF+}
rCorr   .          Rampage  .   n - +0 pair of gloves
Will    .....                   (no boots)
Stlth   ..........              (no amulet)
HPRegen 0.18/turn               q - ring of protection from fire
MPRegen 0.10/turn               (no ring)

@: mighty, invisible
A: no striking features
a: no special abilities


You were on level 4 of the Dungeon.
You visited 1 branch of the dungeon, and saw 4 of its levels.

You collected 155 gold pieces.

Inventory:

Hand Weapons
 a - a +0 war axe (weapon)
Armour
 b - a +0 scale mail (worn)
 c - a +0 buckler (worn)
 f - a +2 helmet (worn)
 j - a scarf of resistance (worn)
 n - a +0 pair of gloves (worn)
Jewellery
 q - a ring of protection from fire (left hand)
Scrolls
 g - a scroll of teleportation
 m - a scroll of magic mapping
 r - a scroll of identify
Potions
 e - a potion of flight
 h - a potion of curing {unknown}
 i - a potion of resistance
 k - a potion of heal wounds {unknown}
 l - a potion of attraction {unknown}
 o - a potion of degeneration {unknown}


   Skills:
 + Level 5.2 Fighting
 + Level 6.5 Axes
 + Level 4.5 Armour
 + Level 1.2 Dodging
 + Level 0.1 Stealth
 + Level 4.1 Shields


You had 5 spell levels left.
You didn't know any spells.
Your spell library contained the following spells:

 Spells                   Type           Power      Damage    Failure   Level
 Foxfire                  Conj/Fire      0%         2x1d4     85%         1
 Conjure Flame            Conj/Fire      0%         6-21      99%         3
 Dazzling Flash           Conj/Hex       0%         N/A       99%         3
 Inner Flame              Hex/Fire       0%         N/A       99%         3
 Flame Wave               Conj/Fire      0%         2d4       100%        4
 Agony                    Necr           0%         N/A       100%        5
 Silence                  Hex/Air        0%         N/A       100%        5


Dungeon Overview and Level Annotations

Branches:
Dungeon (4/15)
 Temple: D:4-7

Altars:
Yredelemnul

Shops:
D:4 ?

Annotations:
D:4 Edmund


Message History

The ogre is severely wounded.
You closely miss the orc wizard. You barely miss the orc wizard.
The ogre misses you. The orc wizard closely misses you.
You block the orc wizard's attack.
You slash the ogre!
The ogre is almost dead.
You barely miss the orc wizard. You slash the orc wizard!
The ogre hits you with a +0 giant club!
The orc wizard hits you but does no damage. x2
The orc wizard hits you with a +0 dagger.
You block the orc wizard's attack.
You slash the ogre!
You kill the ogre!
You completely miss the orc wizard. You slash the orc wizard!
You kill the orc wizard!
The orc wizard casts a spell.
The orc wizard flickers and vanishes!
Deactivating autopickup; reactivate with Ctrl-A.
Your Axes skill increases to level 6!
You slash something!
Reactivating autopickup.
You feel a bit more experienced.
You slash the goblin!
You kill the goblin!
You barely miss something. Something hits you!
Deactivating autopickup; reactivate with Ctrl-A.
You block something's attack.
Things that are here:
a +0 dagger; a +0 robe; an orc corpse Something hits you!
Something hits you!
* * * LOW HITPOINT WARNING * * *
You barely miss something. Something hits you.
* * * LOW HITPOINT WARNING * * *
You slash something! Something hits you.
* * * LOW HITPOINT WARNING * * *
You slash something! Something hits you.
* * * LOW HITPOINT WARNING * * *
You fade into invisibility!
Something hits you!
You die...

#....# #...# ####.#
#...# #.# #...# #.#
#...# #.# #...#
##.###...### ##
####..........# .
#...........#.#.#
....##..####@##.#.#
### #............#
#...###))..###
#...#.#.)..#
#.###.###..#
#.#..:.o#..#
#.#'#.###..######
#...#.#..........
#...###....######


There were no monsters in sight!

Vanquished Creatures
  An ogre (D:4)
  2 orc priests (D:3)
  A jelly (D:4)
  3 orc wizards (D:4)
  5 gnolls
  4 adders
  2 adder skeletons (D:4)
  A dart slug (D:4)
  12 orcs (D:3)
  8 bats
  4 endoplasms
  3 giant cockroaches (D:3)
  6 goblins
  7 hobgoblins
  2 jackals (D:2)
  2 quokkas (D:3)
  5 ball pythons
  3 frilled lizards
  8 kobolds
  4 rats
83 creatures vanquished.

Notes
Turn   | Place    | Note
-------+----------+-------------------------------------------
     0 | D:1      | terff the Hill Orc Fighter began the quest for the Orb.
     0 | D:1      | Reached XP level 1. HP: 19/19 MP: 1/1
   170 | D:1      | Reached XP level 2. HP: 27/27 MP: 2/2
   217 | D:1      | Reached skill level 3 in Axes
   217 | D:1      | Reached XP level 3. HP: 26/33 MP: 3/3
   597 | D:2      | Found a basalt altar of Yredelemnul.
   863 | D:3      | Found a faded altar of an unknown god.
  1321 | D:2      | Reached XP level 4. HP: 39/40 MP: 4/4
  1499 | D:3      | Reached skill level 4 in Axes
  2220 | D:3      | Reached XP level 5. HP: 47/47 MP: 5/5
  2570 | D:3      | Reached skill level 5 in Axes
  3045 | D:4      | Reached skill level 1 in Dodging
  3162 | D:4      | Reached XP level 6. HP: 55/55 MP: 6/6
  3169 | D:4      | Found Plog's Magic Scroll Shop.
  3272 | D:4      | Noticed Edmund
  3300 | D:4      | Reached skill level 5 in Fighting
  3425 | D:4      | Reached skill level 6 in Axes
  3431 | D:4      | HP: 2/56 [something (5)]
  3432 | D:4      | Slain by Edmund

Illustrated notes

Levels and vault maps discovered:
D:1:      eino_arrival_cavern_d, layout_rooms, minmay_nonomino_d4
D:2:      layout_loops_corners, basic_altar
D:3:      layout_basic, nicolae_ecumenical_pavilion, st_stairs_12
D:4:      layout_loops_ring, minmay_temple_entry_nine_rooms, grunt_ministairs_6,
          nicolae_take_the_stairs, minmay_a_box_with_orc_wizards_in_it,
          uniq_edmund, uniq_pikel

Skill      XL: |  1  2  3  4  5  6 |
---------------+-------------------+-----
Fighting       | 4 5 |  5.2
Axes           | 3 4 5 6 |  6.5
Armour         | 4 |  4.5
Shields        | 4 |  4.1
Dodging        | 1 |  1.2
Stealth        | |  0.1

Action                   |  1- 3 |  4- 6 || total
-------------------------+-------+-------++-------
Melee: War axe           |    74 |   124 ||   198
  Use: Scroll            |     4 |     3 ||     7
       Potion            |       |     2 ||     2
Armor: Scale mail        |    51 |    67 ||   118
Dodge: Dodged            |    42 |    79 ||   121
Block: Buckler           |    21 |    42 ||    63
